 Dungeon Crawl Stone Soup version 0.23-a0-171-g5ae17c6 (webtiles) character file.

2995 digijack the Carver (level 9, -10/78 HPs)
             Began as a Pale Draconian Berserker on Sept 12, 2018.
             Was a High Priest of Trog.
             Mangled by an orc warrior
             ... wielding a +0 dire flail
              (25 damage)
             ... on level 7 of the Dungeon on Sept 13, 2018.
             The game lasted 00:39:45 (7299 turns).

digijack the Carver (Pale Draconian Berserker)      Turns: 7299, Time: 00:39:48

Health: -10/78     AC: 11    Str: 20    XL:     9   Next: 54%
Magic:  9/9        EV: 15    Int:  7    God:    Trog [*****.]
Gold:   162        SH:  4    Dex: 14    Spells: 8/8 levels left

rFire    . . .     SeeInvis .   a - +0 great sword
rCold    + . .     Gourm    .   (shield currently unavailable)
rNeg     . . .     Faith    .   (armour unavailable)
rPois    .         Spirit   .   (helmet restricted)
rElec    .         Reflect  +   (no cloak)
rCorr    .         Harm     .   (no gloves)
MR       ++...                  (no boots)
Stlth    ++++......             d - +4 amulet of reflection
HPRegen  1.23/turn              k - ring of stealth
MPRegen  0.11/turn              v - +4 ring of protection

@: regenerating
A: breathe steam, unfitting armour, horns 1, cold resistance 1, cold-blooded, AC
+7
a: Breathe Steam, Berserk, Trog's Hand, Brothers in Arms, Renounce Religion


You were on level 7 of the Dungeon.
You worshipped Trog.
Trog was extremely pleased with you.
You were not hungry.

You visited 1 branch of the dungeon, and saw 7 of its levels.
You also visited: Ossuary.

You collected 318 gold pieces.
You spent 156 gold pieces at shops.

Inventory:

Hand Weapons
 a - a +0 great sword (weapon)
Missiles
 g - 226 stones (quivered)
 r - 2 tomahawks
Jewellery
 d - a +4 amulet of reflection (around neck)
 k - a ring of stealth (left hand)
 v - a +4 ring of protection (right hand)
Wands
 j - a wand of scattershot (5)
 m - a wand of enslavement (8)
Scrolls
 f - 4 scrolls of teleportation
 h - a scroll of fear
 l - 2 scrolls of fog
 o - 8 scrolls of remove curse
 p - 2 scrolls of magic mapping
 t - a scroll of identify
 x - a scroll of blinking
Potions
 c - 5 potions of curing
 e - 2 potions of cancellation
 i - 2 potions of agility
 n - a potion of might
 s - 2 potions of ambrosia
 u - a potion of mutation
 w - a potion of resistance
 y - a potion of brilliance
Comestibles
 b - 13 rations
 q - 9 chunks of flesh


   Skills:
 + Level 6.9 Fighting
 * Level 9.9 Long Blades
 + Level 6.1 Dodging
 - Level 4.3 Stealth


You had 8 spell levels left.
You didn't know any spells.
Your spell library was empty.

Dungeon Overview and Level Annotations

Branches:
Dungeon (7/15)             Temple (0/1) D:6

Altars:
Fedhas
Hepliaklqana
Kikubaaqudgha
Nemelex Xobeh
Ru
Sif Muna
Trog
Vehumet
Wu Jian
Yredelemnul
Zin
The Shining One

Shops:
D:7 (


Innate Abilities, Weirdness & Mutations

You can breathe blasts of scalding, opaque steam.
Your pale cyan-grey scales are hard. (AC +7)
You cannot fit into any form of body armour.
You are cold-blooded and may be slowed by cold attacks.
You have a pair of small horns on your head.
Your flesh is cold resistant. (rC+)


Message History

The orc warrior is moderately wounded.
The orc hits you.
The orc priest calls down the wrath of Beogh upon you.
Pain shoots through your body!
The orc warrior hits you but does no damage.
The orc hits you but does no damage.
You hit the orc warrior.
The orc warrior is moderately wounded.
The orc priest hits you but does no damage.
The orc closely misses you.
The orc warrior hits you with a dire flail!
* * * LOW HITPOINT WARNING * * *
Your skin crawls.
You feel resistant to hostile enchantments.
You feel quite a bit more hungry. The orc priest misses you.
The orc closely misses you.
You riposte.
You completely miss the orc. You headbutt the orc.
The orc is moderately wounded.
The orc warrior hits you with a dire flail!!
You die...

#.........#
#.........#
#.........#
..........##
...........#
...........#
......o)...#
.....ho@...#
#.....o...##
#######.### ##+
#.# ...# #.# .
#..# #.#
#.####..# #.#
........## #.#
........#######.#


You could see an orc warrior, a hound, an orc priest and an orc.

Vanquished Creatures
  Menkaure (D:6)
  Duvessa (D:6)
  2 orc warriors
  3 ice beasts
  An ogre (D:4)
  A centaur (D:5)
  3 bullfrogs
  Blork the orc (D:6)
  Dowan (D:6)
  4 scorpions (Ossuary)
  3 wights (D:7)
  4 howler monkeys
  5 crimson imps
  A centaur zombie (Ossuary)
  A bullfrog zombie (D:7)
  A hound (D:5)
  A jelly (D:5)
  3 orc priests
  A centaur skeleton (D:7)
  A gnoll shaman (D:7)
  A bullfrog skeleton (D:6)
  3 iguanas
  Terence (D:2)
  7 orc wizards
  8 worker ants
  A big kobold zombie (Ossuary)
  3 hound skeletons
  A howler monkey zombie (D:7)
  3 mummies (Ossuary)
  3 gnolls (D:7)
  9 adders
  2 scorpion zombies (Ossuary)
  2 shadow imps (D:6)
  An ooze (D:5)
  4 worms
  5 leopard geckos
  27 orcs
  3 ball pythons
  9 giant cockroaches
  7 gnoll zombies
  7 goblins
  5 hobgoblins
  10 jackals
  8 kobolds
  3 quokkas
  5 bats
  2 frilled lizards
  3 hobgoblin zombies (Ossuary)
  2 kobold zombies (Ossuary)
  4 orc zombies (Ossuary)
  8 rats
196 creatures vanquished.

Notes
Turn   | Place    | Note
-------+----------+-------------------------------------------
     0 | D:1      | digijack the Draconian Berserker began the quest for the
                  | Orb.
     0 | D:1      | Reached XP level 1. HP: 19/19 MP: 1/1
   202 | D:1      | Reached XP level 2. HP: 7/26 MP: 2/2
   973 | D:1      | You fall through a shaft!
   981 | D:2      | Reached XP level 3. HP: 33/33 MP: 3/3
  1049 | D:2      | Reached ** piety under Trog
  1338 | D:2      | Noticed Terence
  1343 | D:2      | Killed Terence
  1343 | D:2      | Reached XP level 4. HP: 40/40 MP: 4/4
  1827 | D:2      | Found a bloodstained altar of Trog.
  1969 | D:3      | Found a sacrificial altar of Ru.
  1975 | D:3      | Reached skill level 4 in Long Blades
  2035 | D:3      | Found a deep blue altar of Sif Muna.
  2903 | D:4      | Found a radiant altar of Vehumet.
  2910 | D:4      | Reached XP level 5. HP: 35/46 MP: 5/5
  3063 | D:4      | Reached skill level 1 in Stealth
  3226 | D:4      | Reached *** piety under Trog
  3242 | D:4      | Reached XP level 6. HP: 10/53 MP: 6/6
  3529 | D:4      | Reached skill level 5 in Long Blades
  3531 | D:4      | Found a glowing golden altar of the Shining One.
  3742 | D:4      | Found a blossoming altar of Fedhas.
  3828 | D:5      | Entered Level 5 of the Dungeon
  3916 | D:4      | Found a basalt altar of Yredelemnul.
  4101 | D:5      | Found a glowing silver altar of Zin.
  4124 | D:5      | Your scales start taking on a pale cyan-grey colour.
  4124 | D:5      | Reached XP level 7. HP: 27/60 MP: 7/7
  4302 | D:5      | Found an ancient bone altar of Kikubaaqudgha.
  4348 | D:5      | Reached skill level 6 in Long Blades
  4462 | D:5      | Reached skill level 5 in Fighting
  4792 | D:5      | Found a hazy altar of Hepliaklqana.
  4825 | D:5      | Reached skill level 7 in Long Blades
  5624 | D:6      | Reached XP level 8. HP: 68/68 MP: 8/8
  5684 | D:6      | Gained mutation: You have a pair of small horns on your
                  | head. [potion of mutation]
  5684 | D:6      | Gained mutation: Your flesh is cold resistant. (rC+)
                  | [potion of mutation]
  5708 | D:6      | Reached **** piety under Trog
  5722 | D:6      | Noticed Duvessa
  5723 | D:6      | Noticed Dowan
  5726 | D:6      | Noticed Blork the orc
  5736 | D:6      | Killed Duvessa
  5737 | D:6      | Killed Dowan
  5747 | D:6      | Killed Blork the orc
  5771 | D:6      | Found a sand-covered staircase.
  5775 | Ossuary  | Entered an ossuary
  5795 | Ossuary  | Reached skill level 8 in Long Blades
  5795 | Ossuary  | Reached skill level 5 in Dodging
  6289 | D:6      | Found a staircase to the Ecumenical Temple.
  6424 | D:6      | Found an ornate altar of the Wu Jian Council.
  6443 | D:6      | Noticed Menkaure
  6450 | D:6      | Killed Menkaure
  6450 | D:6      | Reached XP level 9. HP: 63/77 MP: 9/9
  6549 | D:6      | Reached skill level 9 in Long Blades
  6877 | D:7      | Reached ***** piety under Trog
  7104 | D:7      | Found Qoneo's Antique Weapon Emporium.
  7112 | D:7      | Bought a great sword for 156 gold pieces
  7255 | D:7      | Found a sparkling altar of Nemelex Xobeh.
  7299 | D:7      | Mangled by an orc warrior

Vault maps used:
D:1:      lightli_arrival_chessboard
D:2:      lightli_temple_of_fire, serial_bayou_pond_e, grunt_ministairs_11,
          uniq_terence
D:3:      overflow_temple_1_default, nicolae_ru_great_annihilating_truth
D:4:      old_standard_altar, tso_oasis_becter, lemuel_zombie_altar_yredelemnul,
          fiery_altar_vehumet, first_ration
D:5:      kiku_gazebo_garden_becter, lemuel_doored_altar,
          nicolae_overflow_hidden_temple, dk_noncrumbling_2, serial_park_tiny_2
D:6:      kennysheep_mini, temple_green, enter_ossuary_5, uniq_duvessa,
          uniq_menkaure, uniq_blork_the_orc
D:7:      nemelex_xobeh_ov_fountains_minmay,
          nicolae_dithmenos_through_a_glass_darkly, cheibrodos_worm_habitat,
          serial_shops, shop, kennysheep_generic_room_6
Ossuary:  ossuary_minmay_scorpions

Skill      XL: |  1  2  3  4  5  6  7  8  9 |
---------------+----------------------------+-----
Dodging        | 3 4 5 6 |  6.1
Fighting       | 4 5 6 |  6.9
Long Blades    | 4 5 7 8 9 |  9.9
Stealth        | 1 2 4 |  4.3

Action                   |  1- 3 |  4- 6 |  7- 9 || total
-------------------------+-------+-------+-------++-------
Melee: Falchion          |    82 |   207 |   120 ||   409
       Tailslap          |    18 |    29 |    49 ||    96
       Scimitar          |       |       |   145 ||   145
       Headbutt          |       |       |    43 ||    43
       Great sword       |       |       |    22 ||    22
Invok: Berserk           |     1 |       |     3 ||     4
       Trog's Hand       |       |       |     3 ||     3
 Abil: Breathe Steam     |       |       |    16 ||    16
  Use: Potion            |     3 |     3 |     6 ||    12
       Scroll            |     2 |     6 |     3 ||    11
 Stab: Sleeping          |       |     7 |     6 ||    13
       Paralysed         |       |     1 |       ||     1
  Eat: Chunk             |     1 |    10 |    13 ||    24
       Ration            |       |       |     1 ||     1
Armor: Skin              |    18 |    37 |    61 ||   116
Dodge: Dodged            |    66 |    99 |   221 ||   386
Block: Other             |       |    24 |    43 ||    67
       Rpst.: Falchion   |    18 |    33 |    31 ||    82
       Scimitar          |       |       |    30 ||    30
       Great sword       |       |       |    10 ||    10

Table legend:
 A = Non-vault XP
 B = Vault XP
 C = Vault XP percentage of total XP
 D = Non-vault monster count
 E = Vault monster count
 F = Vault count percentage of total count
                 A         B        C        D         E       F
            +---------+---------+-------+---------+---------+-------
      Total |    3288 |     991 |  23.2 |     155 |      40 |  20.5
            +---------+---------+-------+---------+---------+-------
        D:1 |      30 |       0 |   0.0 |      19 |       0 |   0.0
        D:2 |      54 |      46 |  46.0 |      12 |       6 |  33.3
        D:3 |      57 |       6 |   9.5 |      17 |       4 |  19.0
        D:4 |     466 |       3 |   0.6 |      23 |       2 |   8.0
        D:5 |     757 |       0 |   0.0 |      23 |       0 |   0.0
        D:6 |     844 |     487 |  36.6 |      33 |       4 |  10.8
        D:7 |    1080 |       0 |   0.0 |      28 |       0 |   0.0
    Ossuary |       0 |     449 | 100.0 |       0 |      24 | 100.0
            +---------+---------+-------+---------+---------+-------
